 Dungeon Crawl Stone Soup version 0.26.1-11-gd32895ea62 (webtiles) character file.

Game seed: 9048045783734596332

2704 bigdumb the Spear-Bearer (level 9, -3/69 HPs)
             Began as a Merfolk Gladiator on June 17, 2021.
             Slain by a two-headed ogre
             ... wielding a +0 giant spiked club
              (13 damage)
             ... on level 9 of the Dungeon.
             The game lasted 00:21:41 (7734 turns).

bigdumb the Spear-Bearer (Merfolk Gladiator)        Turns: 7734, Time: 00:21:41

Health: -3/69      AC:  7    Str: 16    XL:     9   Next: 65%
Magic:  9/9        EV: 17    Int:  8    God:
Gold:   362        SH:  5    Dex: 16    Spells: 8/8 levels left

rFire    . . .     SeeInvis .   a - +1 trident
rCold    . . .     Faith    .   (no shield)
rNeg     + . .     Spirit   .   j - +2 robe {rN+}
rPois    .         Reflect  +   l - +2 helmet
rElec    .         Harm     .   n - scarf {shadows}
rCorr    .         Rampage  .   (no gloves)
Will     .....                  (no boots)
Stlth    ++++......             y - amulet of reflection
HPRegen  0.21/turn              (no ring)
MPRegen  0.11/turn              (no ring)

@: no status effects
A: change form in water, swift swim, stealthy swim
a: no special abilities


You were on level 9 of the Dungeon.
You visited 1 branch of the dungeon, and saw 8 of its levels.
You also visited: Sewer.

You collected 362 gold pieces.

Inventory:

Hand Weapons
 a - a +1 trident (weapon)
Missiles
 d - 5 throwing nets (quivered)
Armour
 b - a +0 leather armour
 c - a +0 helmet
 g - a +0 helmet
 i - a +0 robe
 j - a +2 robe of positive energy (worn)
 l - a +2 helmet (worn)
 m - a scarf of resistance
 n - a scarf of shadows (worn)
Jewellery
 o - an uncursed ring of poison resistance
 r - an uncursed ring of positive energy
 t - an uncursed ring of wizardry
 y - an amulet of reflection (around neck)
Scrolls
 h - 2 scrolls of enchant armour
 k - 4 scrolls of identify
 q - a scroll of enchant weapon
 s - 2 scrolls of amnesia
 x - 3 scrolls of teleportation
 z - a scroll of magic mapping
 A - a scroll of blinking
Potions
 e - a potion of haste
 f - 10 potions of curing
 p - a potion of brilliance
 u - a potion of mutation {unknown}
 v - 2 potions of might
 w - 3 potions of heal wounds


   Skills:
 + Level 5.8 Fighting
 + Level 11.6 Polearms
 - Level 2.0 Throwing
 - Level 0.2 Armour
 + Level 7.8 Dodging
 * Level 8.5 Stealth
 + Level 1.5 Shields


You had 8 spell levels left.
You didn't know any spells.
Your spell library contained the following spells:

 Spells                   Type           Power        Failure   Level
 Magic Dart               Conj           0%           41%         1
 Summon Small Mammal      Summ           0%           41%         1
 Blink                    Tloc           N/A          54%         2
 Call Imp                 Summ           0%           54%         2
 Slow                     Hex            0%           54%         2
 Call Canine Familiar     Summ           0%           78%         3
 Conjure Flame            Conj/Fire      0%           78%         3
 Mephitic Cloud           Conj/Pois/Air  0%           78%         3
 Summon Guardian Golem    Hex/Summ       0%           78%         3
 Summon Ice Beast         Ice/Summ       0%           99%         4
 Summon Lightning Spire   Summ/Air       0%           99%         4


Dungeon Overview and Level Annotations

Branches:
Dungeon (9/15)             Temple (0/1) D:4           Sewer (visited)
   Lair: D:8-11         Orc: D:9-12

Altars:
Dithmenos
Fedhas
Gozag
Wu Jian
Xom
Zin

Shops:
D:8 [

Annotations:
D:5 Pikel


Message History

You are too injured to fight recklessly!
You are too injured to fight recklessly!
You are too injured to fight recklessly!
You are too injured to fight recklessly!
You are too injured to fight recklessly!
You are too injured to fight recklessly!
You are too injured to fight recklessly!
You hit the two-headed ogre.
The two-headed ogre is severely wounded.
You hit the two-headed ogre.
The two-headed ogre is severely wounded.
The two-headed ogre hits you with a +0 giant spiked club!
The two-headed ogre hits you with a +0 dire flail!
* * * LOW HITPOINT WARNING * * *
You barely miss the two-headed ogre.
The two-headed ogre is severely wounded.
The two-headed ogre hits you with a +0 giant spiked club.
* * * LOW HITPOINT WARNING * * *
The two-headed ogre hits you with a +0 dire flail!
You die...

#.. #.##########
#.#....@O..#
#[#.#'####.+
#.#.#....#
#.#.#....#
#.#.#.(..#
#.#.#....# #
#.'.####'#.# ##
#.#........#
...#####.##########


You could see a two-headed ogre.

Vanquished Creatures
  A two-headed ogre (D:8)
  Grinder (D:3)
  A steam dragon (D:9)
  An ice beast (D:8)
  3 ogres
  2 centaurs
  3 big kobolds
  A bullfrog (D:7)
  A water moccasin zombie (D:9)
  2 scorpions
  A centaur zombie (D:8)
  A quasit (D:7)
  7 hounds
  A jelly (D:5)
  An orc priest (D:3)
  A bullfrog skeleton (D:8)
  An orc wizard (D:5)
  3 iguanas
  2 worker ants
  A hound zombie (D:7)
  2 howler monkey zombies (D:8)
  A worker ant zombie (D:7)
  A gnoll (D:1)
  9 adders
  2 white imps
  2 ufetubi
  4 oozes
  3 dart slugs
  4 leopard geckos
  10 orcs
  A ball python (Sewer)
  6 bats
  7 giant cockroaches
  12 goblins
  4 hobgoblins
  11 jackals
  2 quokkas (D:7)
  3 frilled lizards
  A jackal skeleton (D:7)
  29 kobolds
  A quokka skeleton (D:5)
  16 rats
166 creatures vanquished.

Notes
Turn   | Place    | Note
-------+----------+-------------------------------------------
     0 | D:1      | bigdumb the Merfolk Gladiator began the quest for the Orb.
     0 | D:1      | Reached XP level 1. HP: 16/16 MP: 1/1
   276 | D:1      | Reached XP level 2. HP: 23/23 MP: 2/2
   540 | D:1      | Reached skill level 5 in Polearms
   540 | D:1      | Reached XP level 3. HP: 19/28 MP: 3/3
  1307 | D:2      | Reached skill level 1 in Stealth
  1520 | D:2      | Reached XP level 4. HP: 35/35 MP: 4/4
  2418 | D:3      | Reached XP level 5. HP: 41/41 MP: 5/5
  2462 | D:3      | Reached skill level 6 in Polearms
  2576 | D:3      | Found a glowing drain.
  2588 | Sewer    | Entered a sewer
  3017 | Sewer    | Noticed a big kobold
  3035 | Sewer    | Killed a big kobold
  3036 | Sewer    | Reached skill level 5 in Dodging
  3039 | Sewer    | Reached XP level 6. HP: 37/47 MP: 6/6
  3268 | D:3      | Noticed Grinder
  3312 | D:3      | Paralysed by Grinder for 5 turns
  3337 | D:3      | Paralysed by Grinder for 6 turns
  3348 | D:3      | Killed Grinder
  3349 | D:3      | Reached skill level 7 in Polearms
  3349 | D:3      | Reached XP level 7. HP: 23/53 MP: 7/7
  3414 | D:3      | Found a blossoming altar of Fedhas.
  3414 | D:3      | Found a shadowy altar of Dithmenos.
  3418 | D:3      | Found an ornate altar of the Wu Jian Council.
  3848 | D:3      | Found an opulent altar of Gozag.
  3910 | D:3      | Found a faded altar of an unknown god.
  4385 | D:4      | Found a shimmering altar of Xom.
  4580 | D:4      | Found a staircase to the Ecumenical Temple.
  4625 | D:4      | Reached skill level 8 in Polearms
  4625 | D:4      | Reached skill level 5 in Stealth
  4636 | D:4      | Noticed Pikel
  4645 | D:5      | Entered Level 5 of the Dungeon
  4987 | D:5      | Reached XP level 8. HP: 55/60 MP: 8/8
  5360 | D:5      | You fall into a shaft and drop 3 floors!
  5360 | D:8      | Noticed a two-headed ogre
  5805 | D:7      | Reached skill level 9 in Polearms
  6240 | D:7      | Found a glowing silver altar of Zin.
  6579 | D:8      | HP: 1/61 [two-headed ogre/+0 giant spiked club (13)]
  6585 | D:8      | Killed a two-headed ogre
  6586 | D:8      | Reached skill level 5 in Fighting
  6586 | D:8      | Reached skill level 10 in Polearms
  6586 | D:8      | Reached XP level 9. HP: 17/68 MP: 9/9
  6889 | D:8      | Found Zeacox's Armour Emporium.
  6923 | D:8      | Reached skill level 1 in Shields
  7036 | D:8      | Reached skill level 11 in Polearms
  7724 | D:9      | Noticed a two-headed ogre
  7734 | D:9      | Slain by a two-headed ogre

Illustrated notes

Levels and vault maps discovered:
D:1:      sevenhm_arrival_forest_fort_small_1, layout_loops_corners,
          kennysheep_boxes
D:2:      layout_loops_ring
D:3:      layout_basic, lemuel_doored_altar, gammafunk_temple_overflow_claw,
          serial_forest, infiniplex_forest_end_1, infiniplex_forest_lined_3_way,
          infiniplex_forest_corner_1, infiniplex_forest_straight_4,
          infiniplex_forest_clump_diagonal, infiniplex_forest_clump_cross,
          infiniplex_forest_lined_ring, chequers_ecumenical_altar_island,
          cheibrodos_sewer_entry_drain, minmay_pentomino_pile, uniq_grinder
D:4:      layout_basic, dancing_weapons_uskayaw, minmay_temple_entry_glass,
          minmay_ruined_shrine, uniq_pikel
D:5:      layout_cave_pools, tso_oasis_becter, serial_column_ruins,
          column_ruins_hut, column_ruins_hut_ruined,
          column_ruins_columns_straight, column_ruins_corridor_corner,
          column_ruins_columns_corner, column_ruins_columns_dead_end
D:7:      layout_rooms, zin_treasury
D:8:      layout_loops_ring, enter_bailey_2, serial_shops,
          nicolae_shop_temple_entry_statues_fountains
D:9:      minmay_weird_star, layout_loops_cross, hangedman_decor_peaks_small,
          minivault_25_ag

Skill      XL: |  1  2  3  4  5  6  7  8  9 |
---------------+----------------------------+-----
Polearms       | 5 6 7 8 10 11 | 11.6
Fighting       | 3 4 5 |  5.8
Stealth        | 1 2 3 4 6 7 8 |  8.5
Dodging        | 5 7 |  7.8
Shields        | 1 |  1.5
Throwing       | |  2.0
Armour         | |  0.2

Action                   |  1- 3 |  4- 6 |  7- 9 || total
-------------------------+-------+-------+-------++-------
Melee: Trident           |   105 |   183 |   358 ||   646
       Tailslap          |     1 |     1 |       ||     2
Throw: Throwing net      |       |       |     1 ||     1
  Use: Scroll            |     4 |       |    16 ||    20
       Potion            |       |     5 |    10 ||    15
 Stab: Sleeping          |     3 |    16 |    19 ||    38
       Distracted        |       |       |     1 ||     1
Armor: Leather armour    |    16 |       |       ||    16
       Robe              |     7 |    26 |    70 ||   103
       Skin              |       |       |     1 ||     1
Dodge: Dodged            |    74 |   134 |   226 ||   434
Block: Other             |       |       |    22 ||    22
